 Dungeon Crawl Stone Soup version 0.27.1-35-g4d5d836560 (webtiles) character file.

Game seed: 7458547549670871774

42 croobank the Conjurer (level 3, -3/24 HPs)
             Began as a Vine Stalker Conjurer on Jan 27, 2022.
             Was a Follower of the Shining One.
             Slain by a worm (8 damage)
             ... on level 3 of the Dungeon on Feb 22, 2022.
             The game lasted 00:07:29 (2344 turns).

croobank the Conjurer (Vine Stalker Conjurer)       Turns: 2344, Time: 00:07:30

Health: -3/24      AC: 21    Str: 15    XL:     3   Next: 54%
Magic:  0/8        EV:  2    Int: 19    God:    the Shining One [*.....]
Gold:   123        SH:  0    Dex: 18    Spells: 1/8 levels left

rFire    . . .     SeeInvis .   g - +0 hand axe
rCold    . . .     Faith    .   (no shield)
rNeg     + + +     Spirit   +   (armour currently unavailable)
rPois    +         Reflect  .   (helmet currently unavailable)
rElec    .         Harm     .   (cloak currently unavailable)
rCorr    .         Rampage  .   (gloves currently unavailable)
Will     .....     NoTele   +   (boots currently unavailable)
Stlth    +.........             (no amulet)
HPRegen  0.08/turn              h - +6 ring of dexterity
MPRegen  0.11/turn              j - +6 ring of strength

@: tree-form, very slightly contaminated, glowing
A: stationary, stasis, torment immunity, boosted hp, (fangs 2), magic shield,
(antimagic bite), no potion heal 2
a: Renounce Religion


You were on level 3 of the Dungeon.
You worshipped the Shining One.
The Shining One was aware of your devotion.
You were a tree.
You visited 1 branch of the dungeon, and saw 3 of its levels.

You collected 123 gold pieces.

Inventory:

Hand Weapons
 b - a +0 hunting sling
 g - a +0 hand axe (weapon)
Armour
 a - a +0 robe (melded)
 l - a +0 pair of boots (melded)
Jewellery
 h - a +6 ring of dexterity (left branch)
 j - a +6 ring of strength (right branch)
Scrolls
 c - a scroll of teleportation
 d - a scroll of identify {unknown}
 e - a scroll of fog {unknown}
 i - a scroll of noise {unknown}
Potions
 k - a potion of heal wounds {unknown}


   Skills:
 - Level 1.5 Dodging
 - Level 3.0 Stealth
 + Level 3.0 Spellcasting
 + Level 4.5 Conjurations


You had one spell level left.
You knew the following spells:

 Your Spells              Type           Power      Damage    Failure   Level
a - Magic Dart            Conj           80%        1d7       2%          1
b - Sandblast             Erth           4%         2d4       16%         1
c - Searing Ray           Conj           40%        3d4       3%          2
d - Dazzling Flash        Conj/Hex       22%        N/A       19%         3

Your spell library contained the following spells:

 Spells                   Type           Power      Damage    Failure   Level
 Passwall                 Tmut/Erth      1%         N/A       22%         2
 Fulminant Prism          Conj/Hex       5%         3d7       52%         4
 Iskenderun's Mystic Bla  Conj/Tloc      11%        2d4       52%         4
 Lee's Rapid Deconstruct  Erth           1%         3d5*      99%         5
 Starburst                Conj/Fire      5%         6d4       100%        6


Dungeon Overview and Level Annotations

Branches:
Dungeon (3/15)

Altars:
The Shining One


Innate Abilities, Weirdness & Mutations

You are a tree.
Your roots penetrate the ground, keeping you stationary.
You cannot be teleported.
You are immune to unholy pain and torment.
Your maximum health is greatly increased.
Your equipment is partially melded.
((You have extremely sharp teeth.))
When hurt, damage is shared between your health and your magic reserves.
((Your bite disrupts and absorbs the magic of your enemies.))
Potions cannot restore your health.


Message History

Your +0 robe melds into your body.
Your roots penetrate the ground.
The orc hits you from afar with a +0 trident.
* * * LOW HITPOINT WARNING * * *
Aiming: Magic Dart (safe; 2% risk of failure)
Press: ? - help, Q - select action, (/) - cycle Shift-Dir - straight line, f - worm
Aim: a worm (lightly wounded, 100% to hit)
The magic dart hits the worm.
The worm is moderately wounded.
The orc hits you but does no damage.
Aiming: Magic Dart (safe; 2% risk of failure)
Press: ? - help, Q - select action, (/) - cycle Shift-Dir - straight line, f - orc, p - worm
Aim: an orc, wielding a +0 trident and wearing a +0 leather armour (100% to hit)
The magic dart hits the orc but does no damage.
The orc hits you but does no damage.
Aiming: Magic Dart (safe; 2% risk of failure)
Press: ? - help, Q - select action, (/) - cycle Shift-Dir - straight line, f/p - orc
Aim: an orc, wielding a +0 trident and wearing a +0 leather armour (100% to hit)
The magic dart hits the orc.
The orc is heavily wounded.
The orc hits you but does no damage. The worm bites you but does no damage.
Aiming: Magic Dart (safe; 2% risk of failure)
Press: ? - help, Q - select action, (/) - cycle Shift-Dir - straight line, f/p - orc
Aim: an orc, wielding a +0 trident and wearing a +0 leather armour (heavily wounded, 100% to hit)
The magic dart hits the orc.
You kill the orc!
Aiming: Magic Dart (safe; 2% risk of failure)
Press: ? - help, Q - select action, (/) - cycle Shift-Dir - straight line, f - worm
Aim: a worm (moderately wounded, haloed, 100% to hit)
You miscast Magic Dart.
You are very lightly contaminated with residual magic.
Nothing appears to happen.
The worm bites you.
* * * LOW HITPOINT WARNING * * *
Aiming: Magic Dart (safe; 2% risk of failure)
Press: ? - help, Q - select action, (/) - cycle Shift-Dir - straight line, f/p - worm
Aim: a worm (moderately wounded, haloed, 100% to hit)
The magic dart hits the worm.
The worm is heavily wounded.
The worm bites you!
You die...

# #. #.########
#........#
#........#
#.......#
#.......#
#..w♣...#
#.......#
#####+##.).....#
#......†.......#
#......†###+####
#.#....[..#
#......<..#
###.........#
#......####


You could see a worm.

Vanquished Creatures
  An orc (D:3)
  6 ball pythons
  5 endoplasms
  4 goblins
  3 hobgoblins
  2 kobolds (D:1)
  2 quokkas (D:3)
  3 bats
  2 frilled lizards
  3 rats (D:1)
  A bush (D:1)
32 creatures vanquished.

Vanquished Creatures (collateral kills)
  An adder (D:2)
  An endoplasm (D:2)
2 creatures vanquished.

Vanquished Creatures (others)
  A plant (D:3)
1 creature vanquished.

Grand Total: 35 creatures vanquished

Notes
Turn   | Place    | Note
-------+----------+-------------------------------------------
     0 | D:1      | croobank the Vine Stalker Conjurer began the quest for the
                  | Orb.
     0 | D:1      | Reached XP level 1. HP: 9/9 MP: 4/4
   272 | D:1      | Reached XP level 2. HP: 13/13 MP: 1/6
   330 | D:1      | Found a faded altar of an unknown god.
   339 | D:1      | Became a worshipper of the Shining One
   339 | D:1      | Reached * piety under the Shining One
  1393 | D:2      | Upgraded the game from 0.27.1-34-g3ba077fa99 to
                  | 0.27.1-35-g4d5d836560
  1456 | D:2      | Reached XP level 3. HP: 5/16 MP: 6/8
  1459 | D:2      | Learned a level 1 spell: Sandblast
  1462 | D:2      | Learned a level 2 spell: Searing Ray
  1466 | D:2      | Learned a level 3 spell: Dazzling Flash
  2344 | D:3      | Slain by a worm

Illustrated notes

Levels and vault maps discovered:
D:1:      amcnicky_arrival_flooded_fountain, layout_basic,
          hellmonk_ecumenical_altar_arch_garden, minmay_hedge_maze
D:2:      layout_basic
D:3:      layout_basic, serial_shops, shop, serial_bayou_crossing

Skill      XL: |  1  2  3 |
---------------+----------+-----
Stealth        | 3 |  3.0
Spellcasting   | 3 |  3.0
Dodging        | |  1.5
Conjurations   | |  4.5

Action                   || total
-------------------------++-------
Melee: Hand axe          ||   254
       Bite              ||    96
 Cast: Magic Dart        ||    25
  Use: Scroll            ||     2
       Potion            ||     1
Armor: Robe              ||     9
       Skin              ||     4
Dodge: Dodged            ||    38
